 Dungeon Crawl Stone Soup version 0.32-a0-665-g3d30ec2550 (webtiles) character file.

Game seed: 4853519631255500776

2 shadizar the Digger (level 1, 0/10 HPs)
             Began as a Gargoyle Earth Elementalist on Mar 9, 2024.
             Frozen to death by an endoplasm (2 damage)
             ... on level 1 of the Dungeon.
             The game lasted 00:00:22 (71 turns).

shadizar the Digger (Gargoyle Earth Elementalist)     Turns: 71, Time: 00:00:22

Health: 0/10       AC:  4    Str: 11    XL:     1   Next: 40%
Magic:  1/3        EV: 11    Int: 15    God:
Gold:   13         SH:  0    Dex: 10    Spells: 3/4 levels left

rFire   . . .        (no weapon)
rCold   . . .        (no shield)
rNeg    + . .        a - +0 robe
rPois   ∞            (no helmet)
rElec   +            (no cloak)
rCorr   .            (no gloves)
SInv    .            (no boots)
Will    .....        (no amulet)
Stlth   ++           (no ring)
HPRegen 0.21/turn    (no ring)
MPRegen 0.08/turn

%: no passive effects
@: no status effects
A: sickness immunity, AC +2, negative energy resistance 1, electricity
resistance, torment resistance 1, petrification resistance
a: no special abilities


You were on level 1 of the Dungeon.
You visited 1 branch of the dungeon, and saw 1 of its levels.

You collected 13 gold pieces.

Inventory:

Armour
 a - a +0 robe (worn)
 c - a +2 pair of boots
Potions
 b - a potion of magic


   Skills:
 - Level 1.5 Dodging
 - Level 2.1 Stealth
 + Level 2.0 Spellcasting
 + Level 1.2 Conjurations
 + Level 3.7 Earth Magic


You had 3 spell levels left.
You knew the following spells:

 Your Spells              Type           Power      Damage    Failure   Level
a - Sandblast             Erth           24%        2d8       4%          1

Your spell library contained the following spells:

 Spells                   Type           Power      Damage    Failure   Level
 Passwall                 Erth           12%        N/A       14%         3
 Stone Arrow              Conj/Erth      18%        3d8       24%         3
 Brom's Barrelling Bould  Conj/Erth      9%         2d3       61%         4
 Petrify                  Alch/Erth      7%         N/A       71%         4


Dungeon Overview and Level Annotations

Branches:
Dungeon (1/15)

Altars:


Innate Abilities, Weirdness & Mutations

You are immune to sickness and miasma.
Your stone body is resilient. (AC +2)
You are immune to poison.
You resist negative energy. (rN+)
You are resistant to electric shocks. (rElec)
You are resistant to unholy torment.
You are immune to petrification.


Message History

You are out of magic!
You are out of magic!
You are out of magic!
Found a stone staircase leading down.
You are out of magic!
You are out of magic!
You are out of magic!
The kobold shouts!
The kobold attacks as it pursues you! The kobold closely misses you.
The blast of sand hits the kobold!
You kill the kobold!
Things that are here:
a +0 short sword; a kobold corpse An endoplasm comes into view.
You are out of magic!
You are out of magic!
You can't see any susceptible monsters within range! (Use Z to cast anyway.)
The blast of sand hits the endoplasm.
The endoplasm is heavily wounded.
You are out of magic!
Things that are here:
a +0 short sword; a kobold corpse The endoplasm attacks as it pursues you!
The endoplasm barely misses you.
There is an open door here.
The endoplasm closely misses you.
You start putting on your armour.
You continue putting on your +2 pair of boots.
The endoplasm freezes you.
You are frozen.
You continue putting on your +2 pair of boots.
The endoplasm freezes you.
You are frozen.
You continue putting on your +2 pair of boots.
The endoplasm hits you.
* * * LOW HITPOINT WARNING * * *
You continue putting on your +2 pair of boots.
The endoplasm freezes you.
You are frozen.
You die...

###+### ##.....##
#.......# #...<...#
##.....## #....@##
+#####J###########
##J..........#
#............#
##.....##....####+#
#......##........$.
#......)...........
.......[.#...........
######.#######.†..###


You could see 2 endoplasms.

Vanquished Creatures
  A hobgoblin (D:1)
  A kobold (D:1)
  A rat (D:1)
3 creatures vanquished.

Notes
Turn   | Place    | Note
-------+----------+-------------------------------------------
     0 | D:1      | shadizar the Gargoyle Earth Elementalist began the quest
                  | for the Orb.
     0 | D:1      | Reached XP level 1. HP: 10/10 MP: 3/3
    71 | D:1      | Frozen to death by an endoplasm

Illustrated notes

Levels and vault maps discovered:
D:1:      onia_arrival_pentagram, layout_basic, serial_shops,
          nicolae_shop_real_fake_doors

Action                     || total
---------------------------++-------
   Cast: Sandblast         ||     6
 Armour: Robe              ||     3
  Dodge: Dodged            ||     3

Table legend: (Time is in decaauts)
 A = Elapsed time spent in this place.
 B = Non-inter-level travel time spent in this place.
 C = Inter-level travel time spent in this place.
 D = Time resting spent in this place.
 E = Time spent auto-exploring this place.
 F = Levels seen in this place.
 G = Mean time per level.
                   A        B        C        D        E       F      G
               +--------+--------+--------+--------+--------+-----+--------+
         Total |     74 |     74 |      0 |      0 |     30 |   1 |   74.0 |
       Dungeon |     74 |     74 |      0 |      0 |     30 |   1 |   74.0 |
               +--------+--------+--------+--------+--------+-----+--------+

Top non-repeatable levels by time:
     D:1: 74 daAuts
